 Dungeon Crawl Stone Soup version 0.29-a0-330-g52719c12eb (webtiles) character file.

Game seed: 16488035711691845524

19 kae the Firebug (level 2, -3/14 HPs)
             Began as a Tengu Fire Elementalist on Apr 14, 2022.
             Slain by a gnoll
             ... wielding a +0 whip
              (6 damage)
             ... on level 2 of the Dungeon.
             The game lasted 00:00:49 (702 turns).

kae the Firebug (Tengu Fire Elementalist)            Turns: 702, Time: 00:00:50

Health: -3/14      AC:  5    Str:  8    XL:     2   Next: 75%
Magic:  6/6        EV: 12    Int: 17    God:
Gold:   28         SH:  0    Dex: 14    Spells: 4/5 levels left

rFire   . . .      SeeInvis .   h - +0 spear
rCold   . . .      Faith    .   (no shield)
rNeg    . . .      Spirit   .   a - +0 robe
rPois   .          Reflect  .   (helmet restricted)
rElec   .          Harm     .   i - +2 cloak
rCorr   .          Rampage  .   (no gloves)
Will    .....                   (boots unavailable)
Stlth   ++........              (no amulet)
HPRegen 0.04/turn               (no ring)
MPRegen 0.10/turn               (no ring)

@: lethally poisoned (-3 -> -8)
A: beak, talons 3, horns 1, clever 1, frail 1
a: no special abilities


You were on level 2 of the Dungeon.
You visited 1 branch of the dungeon, and saw 2 of its levels.

You collected 28 gold pieces.

Inventory:

Hand Weapons
 h - a +0 spear (weapon)
Armour
 a - a +0 robe (worn)
 i - a +2 cloak (worn)
Scrolls
 c - a scroll of magic mapping {unknown}
 d - a scroll of brand weapon {unknown}
 e - a scroll of identify {unknown}
 g - a scroll of vulnerability {unknown}
Potions
 b - a potion of magic
 f - a potion of mutation


   Skills:
 + Level 0.7 Fighting
 - Level 2.1 Dodging
 - Level 2.0 Stealth
 + Level 2.2 Spellcasting
 + Level 2.0 Conjurations
 * Level 3.7 Fire Magic


You had 4 spell levels left.
You knew the following spells:

 Your Spells              Type           Power      Damage    Failure   Level
a - Foxfire               Conj/Fire      44%        2x1d6     6%          1

Your spell library contained the following spells:

 Spells                   Type           Power      Damage    Failure   Level
 Scorch                   Fire           28%        2d6       6%          2
 Conjure Flame            Conj/Fire      11%        6-21      17%         3
 Inner Flame              Hex/Fire       8%         N/A       26%         3
 Flame Wave               Conj/Fire      11%        2d5       50%         4


Dungeon Overview and Level Annotations

Branches:
Dungeon (1/15)

Altars:


Innate Abilities, Weirdness & Mutations

You have a beak for a mouth.
You have claws for feet.
You have a pair of small horns on your head.
Your mind is acute. (Int +2)
You are frail. (-10% HP)


Message History

a +2 dagger of flaming; a +0 short sword; a kobold corpse
Things that are here:
a +0 club; a bat corpse A sourceless malevolence fills the Dungeon...
You fall into a shaft and drop 1 floor!
The shaft crumbles and collapses.
A gnoll comes into view. It is wielding a +0 whip.
Found 9 gold pieces and a leather armour.
Found a stone staircase leading down.
Okay, then.
There is a stone staircase leading down here.
The gnoll shouts!
A gnoll comes into view. It is wielding a +0 club.
A giant cockroach comes into view.
Found a pink potion, a chain mail and a scroll labelled DUESUY FUAPP.
A giant cockroach and a bat come into view.
Found 6 gold pieces.
An adder comes into view.
The bat hits you but does no damage.
You see here a scroll labelled DUESUY FUAPP.
The adder hisses angrily.
The bat hits you but does no damage.
Okay, then.
You aren't carrying any items that you can evoke.
Unknown command.
It was a potion of mutation.
You feel extremely strange.
You feel frail.
You feel clever. A pair of horns grows on your head! The bat barely misses you.
The bat attacks as you move away! The bat barely misses you.
The bat hits you but does no damage. The gnoll hits you with a +0 whip.
The gnoll attacks as you move away! The gnoll hits you with a +0 whip.
Found a stone staircase leading down.
The bat attacks as you move away! The bat barely misses you.
The bat closely misses you. The adder attacks as you move away!
The adder bites you.
* * * LOW HITPOINT WARNING * * *
You are lethally poisoned!
The adder poisons you! The gnoll attacks as you move away!
The gnoll hits you with a +0 whip.
You die...

#.#..#.$ ..
#.#.#.##.#.
#..........
###...###..
#.......#
#...#####
#######...#####
####....b.........
#>.....@g.?.......
#.##....S.........
#######...#####
#...# #...# #...#
..... #...#.
##..#..


You could see a gnoll, an adder and a bat.

Vanquished Creatures
  5 bats (D:1)
  2 goblins (D:1)
  2 hobgoblins (D:1)
  4 kobolds (D:1)
  A quokka (D:1)
  2 ball pythons (D:1)
  2 frilled lizards (D:1)
  A rat (D:1)
19 creatures vanquished.

Vanquished Creatures (others)
  53 foxfires (D:1)
53 creatures vanquished.

Grand Total: 72 creatures vanquished

Notes
Turn   | Place    | Note
-------+----------+-------------------------------------------
     0 | D:1      | kae the Tengu Fire Elementalist began the quest for the
                  | Orb.
     0 | D:1      | Reached XP level 1. HP: 10/10 MP: 4/4
   205 | D:1      | Reached XP level 2. HP: 9/16 MP: 1/6
   671 | D:1      | You fall into a shaft and drop 1 floor!
   698 | D:2      | Gained mutation: You are frail. (-10% HP) [potion of
                  | mutation]
   698 | D:2      | Gained mutation: Your mind is acute. (Int +2) [potion of
                  | mutation]
   698 | D:2      | Gained mutation: You have a pair of small horns on your
                  | head. [potion of mutation]
   702 | D:2      | Slain by a gnoll

Illustrated notes

Levels and vault maps discovered:
D:1:      minmay_arrival_shattered_statue, layout_rooms
D:2:      layout_loops_cross, hellmonk_ecumenical_altar_lost_god,
          minmay_small_reverse_x

Skill      XL: |  1  2 |
---------------+-------+-----
Conjurations   | 2 |  2.0
Fighting       | |  0.7
Dodging        | |  2.1
Stealth        | |  2.0
Spellcasting   | |  2.2
Fire Magic     | |  3.7

Action                   || total
-------------------------++-------
Melee: Unarmed           ||     7
       Spear             ||    15
       Peck              ||     3
       Kick              ||     1
 Cast: Foxfire           ||    30
  Use: Potion            ||     1
Armor: Robe              ||    14
Dodge: Dodged            ||    30

Table legend: (Time is in decaauts)
 A = Elapsed time spent in this place.
 B = Non-inter-level travel time spent in this place.
 C = Inter-level travel time spent in this place.
 D = Time resting spent in this place.
 E = Time spent auto-exploring this place.
 F = Levels seen in this place.
 G = Mean time per level.
                   A        B        C        D        E       F      G
               +--------+--------+--------+--------+--------+-----+--------+
         Total |    702 |    702 |      0 |    203 |    308 |   2 |  351.0 |
       Dungeon |    702 |    702 |      0 |    203 |    308 |   2 |  351.0 |
               +--------+--------+--------+--------+--------+-----+--------+

Top non-repeatable levels by time:
     D:1: 672 daAuts
     D:2: 30 daAuts
